 Dungeon Crawl Stone Soup version 0.24-a0-539-g6aae15eeb0 (webtiles) character file.

Game seed: 405489208581332894

42 Chiseanne the Magician (level 3, -1/24 HPs)
             Began as a Demonspawn Wizard on Aug 17, 2019.
             Slain by a hound (2 damage)
             ... on level 2 of the Dungeon.
             The game lasted 00:01:56 (1493 turns).

Chiseanne the Magician (Demonspawn Wizard)          Turns: 1493, Time: 00:01:56

Health: -1/24      AC:  2    Str:  7    XL:     3   Next: 33%
Magic:  0/8        EV: 12    Int: 20    God:
Gold:   31         SH:  0    Dex: 11    Spells: 6/9 levels left

rFire    . . .     SeeInvis .   c - +0 club
rCold    . . .     Gourm    .   (no shield)
rNeg     . . .     Faith    .   a - +0 robe
rPois    .         Spirit   .   b - +0 hat
rElec    .         Reflect  .   (no cloak)
rCorr    .         Harm     .   (no gloves)
MR       .....                  (no boots)
Stlth    ++........             (no amulet)
HPRegen  0.08/turn              (no ring)
MPRegen  0.11/turn              (no ring)

@: no status effects
A: powered by pain 1
a: no special abilities


You were on level 2 of the Dungeon.
You were not hungry.

You visited 1 branch of the dungeon, and saw 3 of its levels.

You collected 31 gold pieces.

Inventory:

Hand Weapons
 c - a +0 club (weapon)
Missiles
 f - 34 arrows
 g - 39 stones (quivered)
 n - 24 bolts
Armour
 a - a +0 robe (worn)
 b - a +0 hat (worn)
Potions
 h - a potion of might
Comestibles
 d - 4 rations


   Skills:
 - Level 1.7 Dodging
 - Level 1.7 Stealth
 * Level 3.6 Spellcasting
 * Level 2.4 Conjurations
   Level 1.0 Summonings
 - Level 0.8 Translocations


You had 6 spell levels left.
You knew the following spells:

 Your Spells              Type           Power        Failure   Level  Hunger
a - Magic Dart            Conj           ##..         4%          1    None
b - Blink                 Tloc           N/A          14%         2    ##.....

Your spell library contained the following spells:

 Spells                   Type           Power        Failure   Level  Hunger
 Call Imp                 Summ           #.......     13%         2    ##.....
 Slow                     Hex            #.......     21%         2    ##.....
 Conjure Flame            Conj/Fire      #.......     24%         3    ###....
 Mephitic Cloud           Conj/Pois/Air  #.......     28%         3    ###....


Dungeon Overview and Level Annotations

Branches:
Dungeon (3/15)

Altars:


Innate Abilities, Weirdness & Mutations

You sometimes gain a little power by taking damage.


Message History

Casting: Magic Dart (safe; 4% risk of failure)
Confirm with . or Enter, or press ? or * to list all spells.
You don't have enough magic to cast that spell.
Casting: Magic Dart (safe; 4% risk of failure)
Confirm with . or Enter, or press ? or * to list all spells.
You don't have enough magic to cast that spell.
Casting: Magic Dart (safe; 4% risk of failure)
Confirm with . or Enter, or press ? or * to list all spells.
You don't have enough magic to cast that spell.
You miss the hound.
The hound is lightly wounded.
The hound closely misses you. The hound completely misses you.
You barely miss the hound.
The hound is lightly wounded.
The hound closely misses you. The hound bites you.
* * * LOW HITPOINT WARNING * * *
You hit the hound.
The hound is lightly wounded.
The hound bites you.
You die...

#..........##.#######..####..#...
#.<.....................###..#...
#..........##.####...........+...
########+#...................#...
#.#.##.........>......#...
########.#.##.#####.###.####.#...
..............# #.# #.# #.#...
########.#.##.#####.###.####.#...
# #........@h...........+...
########.#.##.#####.....####.#...
#..........##.# #.....# #.#...
#.######......# #...[.# #.#...
#.# #.#.##.# #.....# #.#... #.#
#.#.##.# #.....# #.#... #.#
#.#....# #.....# #[#### #.#
#.#.##.# #.....# ### #.# #.#.##.#
#.....#########


You could see a hound.

Vanquished Creatures
  2 adders (D:3)
  A worm (D:2)
  A leopard gecko (D:2)
  2 giant cockroaches
  A goblin (D:2)
  3 hobgoblins
  2 kobolds (D:2)
  3 bats
  A frilled lizard (D:1)
  3 rats (D:2)
19 creatures vanquished.

Notes
Turn   | Place    | Note
-------+----------+-------------------------------------------
     0 | D:1      | Chiseanne the Demonspawn Wizard began the quest for the
                  | Orb.
     0 | D:1      | Reached XP level 1. HP: 13/13 MP: 4/4
   439 | D:2      | Gained mutation: You sometimes gain a little power by
                  | taking damage. [demonic ancestry]
   439 | D:2      | Reached XP level 2. HP: 19/19 MP: 0/6
  1329 | D:2      | Learned a level 2 spell: Blink
  1351 | D:3      | Reached XP level 3. HP: 22/24 MP: 0/8
  1492 | D:2      | HP: 1/24 [hound (4)]
  1493 | D:2      | Slain by a hound

Levels and vault maps discovered:
D:1:      doesnt_arrival_eight_statues, layout_rooms, minmay_parallelograms,
          minmay_misc_feat_hallway, evilmike_ruin_ashenzari
D:2:      layout_basic, first_ration
D:3:      layout_loops_ring, minmay_rat_hole

Skill      XL: |  1  2 |
---------------+-------+-----
Conjurations   | 2 |  2.4
Dodging        | |  1.7
Stealth        | |  1.7
Spellcasting   | |  3.6
Summonings     | |  1.0
Translocations | |  0.8

Action                   || total
-------------------------++-------
Melee: Club              ||    28
 Cast: Magic Dart        ||    63
       Blink             ||     2
  Use: Scroll            ||     6
  Eat: Chunk             ||     2
Armor: Robe              ||     6
Dodge: Dodged            ||    38

Table legend:
 A = Non-vault XP
 B = Vault XP
 C = Vault XP percentage of total XP
 D = Non-vault monster count
 E = Vault monster count
 F = Vault count percentage of total count
                 A         B        C        D         E       F
            +---------+---------+-------+---------+---------+-------
      Total |      60 |       0 |   0.0 |      19 |       0 |   0.0
            +---------+---------+-------+---------+---------+-------
        D:1 |       2 |       0 |   0.0 |       2 |       0 |   0.0
        D:2 |      26 |       0 |   0.0 |      13 |       0 |   0.0
        D:3 |      32 |       0 |   0.0 |       4 |       0 |   0.0
            +---------+---------+-------+---------+---------+-------
